[Event "45th FIDE Womens Olympiad 2024"]
[Site "Budapest"]
[Date "2024.09.13"]
[Round "3.72"]
[White "Hilario, Aleyla"]
[Black "Mungunzul, Bat-Erdene"]
[Result "0-1"]
[ECO "D23"]
[WhiteElo "1993"]
[BlackElo "2224"]
[Annotator "RC"]
[PlyCount "98"]
[EventDate "2024.09.05"]
[EventType "team-tourn"]
[EventCountry "HUN"]
[SourceTitle "playchess.com"]
[Source "ChessBase"]
[SourceQuality "1"]
[WhiteTeam "Peru"]
[BlackTeam "Mongolia"]
[WhiteTeamCountry "PER"]
[BlackTeamCountry "MGL"]
[TimeControl "40/5400+30:1800+30"]

1. d4 d5 2. c4 c6 3. Nf3 Nf6 4. Qb3 dxc4 5. Qxc4 Bg4 6. Nc3 Nbd7 7. e4 Bxf3 8. gxf3 e5 9. Be3 Nb6 10. Qd3 exd4 11. Bxd4 Nh5 12. O-O-O Nf4 13. Qe3 Qc7 14. Ne2 Ne6 15. Bh3 Nxd4 16. Nxd4 g6 17. Kb1 Bg7 18. f4 O-O 19. e5 Nd5 20. Qg3 Bh6 21. Ne2 Rfe8 22. Qh4 Bg7 23. Bg2 Nb6 24. Nc3 Qe7 25. Qg3 f6 26. Rhe1 Rad8 27. Rxd8 Rxd8 28. Qe3 Nc4 29. exf6 Qxf6 30. Qe6+ Qxe6 31. Rxe6 Rd2 32. Bf1 Nxb2 33. Re2 Rxe2 34. Nxe2 Nd3 35. f3 Ne1 36. Ng3 Nxf3 37. h3 Nd2+ 38. Kc2 Nxf1 39. Nxf1 Bh6 40. f5 Bf4 41. fxg6 hxg6 42. Kd3 Kf7 43. Ke4 g5 44. Kf5 c5 45. Ke4 b5 46. h4 Kg6 47. hxg5 Kxg5 48. Kd3 Kf5 49. a4 bxa4 0-1

[Event "45th FIDE Womens Olympiad 2024"]
[Site "Budapest"]
[Date "2024.09.13"]
[Round "3.73"]
[White "Cvitan, Ena"]
[Black "Injac, Teodora"]
[Result "0-1"]
[ECO "D36"]
[WhiteElo "2259"]
[BlackElo "2425"]
[Annotator "RC"]
[PlyCount "96"]
[EventDate "2024.09.05"]
[EventType "team-tourn"]
[EventCountry "HUN"]
[SourceTitle "playchess.com"]
[Source "ChessBase"]
[SourceQuality "1"]
[WhiteTeam "Croatia"]
[BlackTeam "Serbia"]
[WhiteTeamCountry "CRO"]
[BlackTeamCountry "SRB"]
[TimeControl "40/5400+30:1800+30"]

1. d4 Nf6 2. c4 e6 3. Nc3 d5 4. cxd5 exd5 5. Bg5 c6 6. Qc2 Be6 7. e3 Nbd7 8. Bd3 h6 9. Bh4 g5 10. Bg3 Nh5 11. Nge2 Nxg3 12. Nxg3 h5 13. O-O-O h4 14. Nge2 Qe7 15. Kb1 Nb6 16. Rc1 O-O-O 17. Na4 Nxa4 18. Qxa4 Kb8 19. Rc3 Qf6 20. f4 Bd6 21. Rf1 Rhe8 22. Qd1 Bc8 23. Bc2 Bg4 24. h3 Bxe2 25. Qxe2 gxf4 26. Qf2 Re7 27. exf4 Rde8 28. Rd1 Re2 29. Qf3 Bc7 30. g3 Bb6 31. Rcd3 R2e4 32. gxh4 Bxd4 33. Rb3 Rxf4 34. Qg3 Be5 35. Qg5 Rxh4 36. Qxf6 Bxf6 37. Rf1 Bd4 38. Bf5 Re7 39. a4 Bb6 40. Bg4 Bd4 41. Rd3 Be5 42. b4 Kc7 43. Kc2 Kd6 44. Rdf3 f6 45. Rd3 Rg7 46. Rdf3 b6 47. Rd1 Rgxg4 48. hxg4 Rxg4 0-1

[Event "45th FIDE Womens Olympiad 2024"]
[Site "Budapest"]
[Date "2024.09.13"]
[Round "3.74"]
[White "Gajcin, Marina"]
[Black "Medic, Mirjana"]
[Result "1/2-1/2"]
[ECO "C11"]
[WhiteElo "2253"]
[BlackElo "2101"]
[Annotator "RC"]
[PlyCount "107"]
[EventDate "2024.09.05"]
[EventType "team-tourn"]
[EventCountry "HUN"]
[SourceTitle "playchess.com"]
[Source "ChessBase"]
[SourceQuality "1"]
[WhiteTeam "Serbia"]
[BlackTeam "Croatia"]
[WhiteTeamCountry "SRB"]
[BlackTeamCountry "CRO"]
[TimeControl "40/5400+30:1800+30"]

1. e4 e6 2. d4 d5 3. Nc3 Nf6 4. e5 Nfd7 5. f4 c5 6. Nf3 Nc6 7. Be3 a6 8. Ne2 b5 9. a3 Qb6 10. c3 Bb7 11. dxc5 Bxc5 12. Ned4 Nxd4 13. cxd4 Be7 14. Bd3 b4 15. f5 f6 16. O-O O-O 17. exf6 Nxf6 18. Ne5 exf5 19. Bxf5 Bc8 20. Bd3 a5 21. Kh1 Ba6 22. Bg5 Bxd3 23. Qxd3 bxa3 24. bxa3 Qd6 25. Bxf6 Bxf6 26. Nf3 a4 27. Rac1 Rac8 28. Rxc8 Rxc8 29. Re1 g6 30. Qb5 Qc6 31. Qe2 Kg7 32. h3 Qd6 33. Qb5 Qc6 34. Qb4 Rc7 35. Qb8 Qb7 36. Qe8 Qc6 37. Qb8 Qb7 38. Qe8 Qc6 39. Qe3 Re7 40. Ne5 Qc2 41. Rf1 Qc8 42. Qf4 Qe6 43. Ng4 Rf7 44. Qh6+ Kg8 45. Qd2 Bg5 46. Qd1 Rxf1+ 47. Qxf1 Kg7 48. Ne5 Bf6 49. Qb5 Bxe5 50. dxe5 Qxe5 51. Qxa4 Qe1+ 52. Kh2 Qe5+ 53. Kh1 Qe1+ 54. Kh2 1/2-1/2

[Event "45th FIDE Womens Olympiad 2024"]
[Site "Budapest"]
[Date "2024.09.13"]
[Round "3.75"]
[White "Ivekovic, Tihana"]
[Black "Velikic, Adela"]
[Result "0-1"]
[ECO "D10"]
[WhiteElo "2143"]
[BlackElo "2260"]
[Annotator "RC"]
[PlyCount "66"]
[EventDate "2024.09.05"]
[EventType "team-tourn"]
[EventCountry "HUN"]
[SourceTitle "playchess.com"]
[Source "ChessBase"]
[SourceQuality "1"]
[WhiteTeam "Croatia"]
[BlackTeam "Serbia"]
[WhiteTeamCountry "CRO"]
[BlackTeamCountry "SRB"]
[TimeControl "40/5400+30:1800+30"]

1. d4 d5 2. c4 c6 3. cxd5 cxd5 4. Bf4 Nc6 5. Nc3 e5 6. dxe5 d4 7. Nb1 Nge7 8. Nf3 Nd5 9. e3 Bb4+ 10. Nbd2 Bg4 11. a3 Bxf3 12. gxf3 dxe3 13. Bxe3 Nxe3 14. fxe3 Qh4+ 15. Ke2 Bxd2 16. Qxd2 O-O 17. Qe1 Qh5 18. Qg3 Rfe8 19. Rg1 g6 20. Bh3 Rxe5 21. Rac1 Qh6 22. f4 Rb5 23. Rc2 Rb3 24. Kf2 Qg7 25. Rgc1 Re8 26. Bg2 Rbxe3 27. Qxe3 Rxe3 28. Kxe3 Qd4+ 29. Kf3 Kg7 30. Bf1 Qd5+ 31. Kg3 Qb3+ 32. Kg2 Qe3 33. Rd1 Qe4+ 0-1

[Event "45th FIDE Womens Olympiad 2024"]
[Site "Budapest"]
[Date "2024.09.13"]
[Round "3.76"]
[White "Eric, Jovana"]
[Black "Vujnovic, Patricija"]
[Result "1/2-1/2"]
[ECO "B03"]
[WhiteElo "2162"]
[BlackElo "2134"]
[Annotator "RC"]
[PlyCount "113"]
[EventDate "2024.09.05"]
[EventType "team-tourn"]
[EventCountry "HUN"]
[SourceTitle "playchess.com"]
[Source "ChessBase"]
[SourceQuality "1"]
[WhiteTeam "Serbia"]
[BlackTeam "Croatia"]
[WhiteTeamCountry "SRB"]
[BlackTeamCountry "CRO"]
[TimeControl "40/5400+30:1800+30"]

1. e4 Nf6 2. e5 Nd5 3. c4 Nb6 4. d4 d6 5. f4 Bf5 6. Nc3 dxe5 7. fxe5 e6 8. Nf3 Bb4 9. Be3 c5 10. Be2 Nc6 11. O-O cxd4 12. Nxd4 Bxc3 13. bxc3 Nxe5 14. c5 Nbd7 15. Nxf5 exf5 16. Rxf5 O-O 17. Qd5 Qc7 18. Bf4 Qc6 19. Qxc6 bxc6 20. Bxe5 g6 21. Bd6 gxf5 22. Bxf8 Kxf8 23. Rf1 Nxc5 24. Rxf5 Ne4 25. Bh5 Nxc3 26. Rxf7+ Kg8 27. Rc7 a5 28. Bf7+ Kf8 29. Rxc6 Kxf7 30. Rxc3 Rb8 31. Rc2 Rb5 32. Kf2 Ke6 33. Rd2 h5 34. h3 h4 35. Kf3 Kf5 36. Rd4 Kg5 37. g3 hxg3 38. Kxg3 Rc5 39. Rd3 a4 40. Rf3 Rc4 41. a3 Re4 42. Rc3 Rd4 43. Kf3 Kf5 44. Ke3 Rh4 45. Kd2 Ke5 46. Rg3 Kd5 47. Ke2 Ke5 48. Rf3 Ke4 49. Rg3 Ke5 50. Kf2 Kf5 51. Rf3+ Rf4 52. Ke3 Rxf3+ 53. Kxf3 Kg5 54. Ke4 Kh4 55. Kd4 Kxh3 56. Kc4 Kg4 57. Kb4 1/2-1/2

[Event "45th FIDE Womens Olympiad 2024"]
[Site "Budapest"]
[Date "2024.09.13"]
[Round "3.77"]
[White "Pham, Le Thao Nguyen"]
[Black "Gong, Qianyun"]
[Result "1-0"]
[ECO "D23"]
[WhiteElo "2380"]
[BlackElo "2250"]
[Annotator "RC"]
[PlyCount "159"]
[EventDate "2024.09.05"]
[EventType "team-tourn"]
[EventCountry "HUN"]
[SourceTitle "playchess.com"]
[Source "ChessBase"]
[SourceQuality "1"]
[WhiteTeam "Vietnam"]
[BlackTeam "Singapore"]
[WhiteTeamCountry "VIE"]
[BlackTeamCountry "SIN"]
[TimeControl "40/5400+30:1800+30"]

1. d4 d5 2. Nf3 Nf6 3. c4 c6 4. Qc2 dxc4 5. Qxc4 Bf5 6. g3 e6 7. Bg2 Be7 8. O-O O-O 9. Nc3 Nbd7 10. e3 b5 11. Qe2 b4 12. Nb1 Qc7 13. Nbd2 Rad8 14. e4 Bg6 15. b3 c5 16. Bb2 cxd4 17. Bxd4 e5 18. Rfc1 Qb8 19. Bb2 Rfe8 20. h3 Bf8 21. Nh4 Nc5 22. Nxg6 hxg6 23. Nc4 Nd3 24. Rd1 Nxb2 25. Nxb2 Bc5 26. Rxd8 Rxd8 27. Rd1 Bd4 28. Nc4 Qc7 29. Bf3 g5 30. Kg2 g6 31. Qd2 Qe7 32. Qxg5 Re8 33. h4 Kg7 34. Rh1 Nd7 35. Qd2 Rh8 36. h5 Nf6 37. Qg5 Rh6 38. hxg6 Rxg6 39. Qh4 Kf8 40. Qh3 Qc5 41. Rf1 Kg7 42. Qf5 Ng8 43. Bh5 Nh6 44. Qh3 Ra6 45. Qh4 Ng8 46. Qg4+ Kf8 47. Qe2 Rf6 48. Bg4 Nh6 49. Bh3 Rg6 50. Rh1 Qc6 51. f3 Qf6 52. Bc8 Qg5 53. g4 Kg7 54. Bd7 Rf6 55. Bf5 Qf4 56. Qe1 Ra6 57. Qe2 Rf6 58. Rd1 Nxf5 59. exf5 Rh6 60. Rh1 Rxh1 61. Kxh1 Qc1+ 62. Kh2 Qg1+ 63. Kh3 Qh1+ 64. Kg3 Qg1+ 65. Qg2 Qe1+ 66. Kh3 Qb1 67. Nd6 Be3 68. g5 Qd3 69. Ne4 Bf4 70. Kg4 Qe3 71. f6+ Kg8 72. Qh1 Bxg5 73. Nxg5 Qf4+ 74. Kh5 Qxf6 75. Qb1 Qf4 76. Qh7+ Kf8 77. Qe4 Qh2+ 78. Kg4 Qxa2 79. Qxb4+ Kg7 80. Qc4 1-0

[Event "45th FIDE Womens Olympiad 2024"]
[Site "Budapest"]
[Date "2024.09.13"]
[Round "3.78"]
[White "Pang, Kay Yan Eden"]
[Black "Vo, Thi Kim Phung"]
[Result "0-1"]
[ECO "E09"]
[WhiteElo "1847"]
[BlackElo "2320"]
[Annotator "RC"]
[PlyCount "64"]
[EventDate "2024.09.05"]
[EventType "team-tourn"]
[EventCountry "HUN"]
[SourceTitle "playchess.com"]
[Source "ChessBase"]
[SourceQuality "1"]
[WhiteTeam "Singapore"]
[BlackTeam "Vietnam"]
[WhiteTeamCountry "SIN"]
[BlackTeamCountry "VIE"]
[TimeControl "40/5400+30:1800+30"]

1. d4 Nf6 2. c4 e6 3. Nf3 d5 4. g3 Be7 5. Bg2 O-O 6. O-O c6 7. Qc2 Nbd7 8. Nbd2 b6 9. e4 dxc4 10. Nxc4 Bb7 11. Be3 c5 12. Ng5 h6 13. e5 Bxg2 14. exf6 Nxf6 15. Nxe6 fxe6 16. Kxg2 cxd4 17. Rad1 Qd5+ 18. Kg1 e5 19. b3 b5 20. Nb2 Rac8 21. Qb1 Qe4 22. Qxe4 Nxe4 23. Bc1 Nc3 24. Rde1 e4 25. Nd1 Nxd1 26. Rxd1 Bc5 27. Rfe1 Rce8 28. Bb2 d3 29. Rf1 Rxf2 30. Rxf2 Rf8 31. Rdf1 Rf7 32. Re1 d2 0-1

[Event "45th FIDE Womens Olympiad 2024"]
[Site "Budapest"]
[Date "2024.09.13"]
[Round "3.79"]
[White "Bach Ngoc Thuy Duong"]
[Black "Rice, Lauren"]
[Result "1-0"]
[ECO "D39"]
[WhiteElo "2214"]
[BlackElo "1824"]
[Annotator "RC"]
[PlyCount "79"]
[EventDate "2024.09.05"]
[EventType "team-tourn"]
[EventCountry "HUN"]
[SourceTitle "playchess.com"]
[Source "ChessBase"]
[SourceQuality "1"]
[WhiteTeam "Vietnam"]
[BlackTeam "Singapore"]
[WhiteTeamCountry "VIE"]
[BlackTeamCountry "SIN"]
[TimeControl "40/5400+30:1800+30"]

1. d4 d5 2. c4 e6 3. Nc3 Bb4 4. Nf3 Nf6 5. Bg5 dxc4 6. Qa4+ Nc6 7. e4 Bd7 8. Qc2 h6 9. Bd2 O-O 10. e5 Nd5 11. Bxc4 Bxc3 12. bxc3 a6 13. O-O Nce7 14. Be2 b5 15. Qe4 f5 16. exf6 Nxf6 17. Qc2 c5 18. dxc5 Qc7 19. Be3 Ng4 20. Qe4 Nxe3 21. fxe3 Qxc5 22. Bd3 g6 23. Ne5 Bc6 24. Nxc6 Qxc6 25. Qh4 Nf5 26. Bxf5 Rxf5 27. Qxh6 Qe8 28. e4 Rh5 29. Rf8+ Qxf8 30. Qxg6+ Qg7 31. Qxh5 Rc8 32. Rd1 Rf8 33. Qh3 Qe5 34. Qe3 Qc7 35. Qg5+ Kh8 36. Qh6+ Kg8 37. Qxe6+ Kh8 38. Qh3+ Kg8 39. Qe3 Qa5 40. Rd7 1-0

[Event "45th FIDE Womens Olympiad 2024"]
[Site "Budapest"]
[Date "2024.09.13"]
[Round "3.80"]
[White "Koh, Wei Le Gladys"]
[Black "Le Thanh Tu"]
[Result "0-1"]
[ECO "C02"]
[WhiteElo "1788"]
[BlackElo "2092"]
[Annotator "NA RC"]
[PlyCount "88"]
[EventDate "2024.09.05"]
[EventType "team-tourn"]
[EventCountry "HUN"]
[SourceTitle "playchess.com"]
[Source "ChessBase"]
[SourceQuality "1"]
[WhiteTeam "Singapore"]
[BlackTeam "Vietnam"]
[WhiteTeamCountry "SIN"]
[BlackTeamCountry "VIE"]
[TimeControl "40/5400+30:1800+30"]

1. e4 e6 2. d4 d5 3. e5 c5 4. c3 Nc6 5. Nf3 Qb6 6. Bd3 cxd4 7. O-O Bd7 8. Re1 Nge7 9. h4 a6 10. Nbd2 dxc3 11. bxc3 Ng6 12. Nb3 Qc7 13. Qe2 Na5 14. h5 Ne7 15. Ba3 Nc4 16. Bc5 b6 17. Bd4 Nc6 18. Nbd2 b5 19. a4 Nxd2 20. Nxd2 Nxd4 21. cxd4 bxa4 22. Bxa6 Bb4 23. Bb5 O-O 24. Rec1 Bxb5 25. Qxb5 Qa5 26. Qxa5 Rxa5 27. Rc2 Rfa8 28. Kf1 h6 29. Ke2 Bf8 30. Kd3 Rb5 31. Raa2 a3 32. Nf1 Rab8 33. Ne3 Rb1 34. Kd2 R1b3 35. Ke2 R8b4 36. Rd2 Rb2 37. Ra1 Rxd2+ 38. Kxd2 Rxd4+ 39. Kc3 Re4 40. Nc2 Rxe5 41. Nxa3 Bxa3 42. Rxa3 Rxh5 43. Ra8+ Kh7 44. Kd4 Rh2 0-1

[Event "45th FIDE Womens Olympiad 2024"]
[Site "Budapest"]
[Date "2024.09.13"]
[Round "3.81"]
[White "Rogule, Laura"]
[Black "Castillo Pena, Patricia Evarista"]
[Result "1-0"]
[ECO "A11"]
[WhiteElo "2248"]
[BlackElo "1928"]
[Annotator "RC"]
[PlyCount "69"]
[EventDate "2024.09.05"]
[EventType "team-tourn"]
[EventCountry "HUN"]
[SourceTitle "playchess.com"]
[Source "ChessBase"]
[SourceQuality "1"]
[WhiteTeam "Latvia"]
[BlackTeam "Dominican Republic"]
[WhiteTeamCountry "LAT"]
[BlackTeamCountry "DOM"]
[TimeControl "40/5400+30:1800+30"]

1. c4 c6 2. Nf3 d5 3. e3 Nf6 4. Nc3 e6 5. b3 Nbd7 6. Qc2 Bd6 7. Bb2 O-O 8. Rg1 e5 9. cxd5 cxd5 10. Nb5 Bb8 11. Rc1 e4 12. Nfd4 Bxh2 13. Rh1 Be5 14. f4 exf3 15. gxf3 a6 16. Nc7 Bg3+ 17. Kd1 Bxc7 18. Qxc7 Qxc7 19. Rxc7 Ne5 20. Rg1 Re8 21. f4 Neg4 22. Nf3 Rb8 23. Ng5 Bf5 24. Bxf6 gxf6 25. Nxf7 Kf8 26. Nd6 Be6 27. Nxe8 Rxe8 28. Rxh7 d4 29. Rh8+ Ke7 30. Rxe8+ Kxe8 31. Ke2 dxe3 32. dxe3 f5 33. Bg2 b6 34. e4 fxe4 35. Bh3 1-0

[Event "45th FIDE Womens Olympiad 2024"]
[Site "Budapest"]
[Date "2024.09.13"]
[Round "3.82"]
[White "Diaz Cesar, Wilsaida Pieranlly"]
[Black "Berzina, Ilze"]
[Result "0-1"]
[ECO "A12"]
[WhiteElo "1900"]
[BlackElo "2200"]
[Annotator "RC"]
[PlyCount "64"]
[EventDate "2024.09.05"]
[EventType "team-tourn"]
[EventCountry "HUN"]
[SourceTitle "playchess.com"]
[Source "ChessBase"]
[SourceQuality "1"]
[WhiteTeam "Dominican Republic"]
[BlackTeam "Latvia"]
[WhiteTeamCountry "DOM"]
[BlackTeamCountry "LAT"]
[TimeControl "40/5400+30:1800+30"]

1. Nf3 d5 2. c4 c6 3. e3 Nf6 4. b3 g6 5. Bb2 Bg7 6. Be2 O-O 7. O-O Nbd7 8. d4 Ne4 9. Nbd2 Ndf6 10. Rc1 Bf5 11. a3 Qd6 12. b4 Ng4 13. h3 Ngf6 14. Nb3 g5 15. Ne5 Nd7 16. Nd3 dxc4 17. Rxc4 Be6 18. Rc1 Bxb3 19. Qxb3 Nd2 20. Qc2 Nxf1 21. Rxf1 Nf6 22. Nc5 b6 23. Nd3 Nd5 24. Ne5 Rac8 25. Bg4 e6 26. Be2 c5 27. dxc5 Bxe5 28. cxd6 Rxc2 29. Bxe5 Rxe2 30. e4 Rxe4 31. Bg3 Nf4 32. Kh2 Rd4 0-1

[Event "45th FIDE Womens Olympiad 2024"]
[Site "Budapest"]
[Date "2024.09.13"]
[Round "3.83"]
[White "Ter-Avetisjana, Agnesa Stepania"]
[Black "Almanzar Vasquez, Jeniffer Maria"]
[Result "1-0"]
[ECO "B01"]
[WhiteElo "2134"]
[BlackElo "1876"]
[Annotator "NA RC"]
[PlyCount "116"]
[EventDate "2024.09.05"]
[EventType "team-tourn"]
[EventCountry "HUN"]
[SourceTitle "playchess.com"]
[Source "ChessBase"]
[SourceQuality "1"]
[WhiteTeam "Latvia"]
[BlackTeam "Dominican Republic"]
[WhiteTeamCountry "LAT"]
[BlackTeamCountry "DOM"]
[TimeControl "40/5400+30:1800+30"]

1. e4 d5 2. exd5 Qxd5 3. Nc3 Qa5 4. d4 Nf6 5. Nf3 Bf5 6. Bd2 c6 7. Bc4 e6 8. O-O Qc7 9. Ne2 Bd6 10. Ng3 Bg6 11. Nh4 Nbd7 12. Re1 O-O 13. Nxg6 hxg6 14. c3 Kh7 15. Qf3 Rh8 16. Bb3 Kg8 17. h3 Nh5 18. Ne4 Bf4 19. Ng5 Bxg5 20. Bxg5 Qa5 21. Bd2 Nhf6 22. Re2 Qb6 23. Rae1 a5 24. Bf4 a4 25. Bc4 Qa5 26. a3 Nd5 27. Bd6 N7f6 28. Ba2 Rd8 29. Be5 b5 30. Bxf6 gxf6 31. Bxd5 Rxd5 32. Qxf6 Rf5 33. Qe7 Qb6 34. Rd1 Qb8 35. Re4 Rfh5 36. Rd3 Qa8 37. Rf3 R8h7 38. Rg4 Rf5 39. Rxf5 exf5 40. Rg3 Qf8 41. Qxf8+ Kxf8 42. Re3 Rh4 43. Re5 Re4 44. Rxe4 fxe4 45. Kf1 Ke7 46. Ke2 Kd6 47. Ke3 Kd5 48. h4 f5 49. f3 exf3 50. gxf3 Ke6 51. Kd2 Kd6 52. Kc2 c5 53. dxc5+ Kxc5 54. b3 Kd5 55. bxa4 bxa4 56. Kd3 Kc6 57. f4 Kd5 58. c4+ Kc5 1-0

[Event "45th FIDE Womens Olympiad 2024"]
[Site "Budapest"]
[Date "2024.09.13"]
[Round "3.84"]
[White "Ramirez Luzon, Franchesca"]
[Black "Krumina, Linda"]
[Result "1-0"]
[ECO "A12"]
[WhiteElo "1820"]
[BlackElo "2091"]
[Annotator "NA RC"]
[PlyCount "103"]
[EventDate "2024.09.05"]
[EventType "team-tourn"]
[EventCountry "HUN"]
[SourceTitle "playchess.com"]
[Source "ChessBase"]
[SourceQuality "1"]
[WhiteTeam "Dominican Republic"]
[BlackTeam "Latvia"]
[WhiteTeamCountry "DOM"]
[BlackTeamCountry "LAT"]
[TimeControl "40/5400+30:1800+30"]

1. Nf3 d5 2. c4 c6 3. e3 Nf6 4. b3 Bg4 5. Bb2 e6 6. h3 Bh5 7. Be2 Nbd7 8. d3 h6 9. Nbd2 Be7 10. O-O O-O 11. d4 a5 12. Bd3 g5 13. g4 Bg6 14. Bxg6 fxg6 15. Qc2 Qe8 16. Rae1 Ne4 17. Nxe4 Rxf3 18. Ng3 Qf7 19. e4 Bd6 20. exd5 exd5 21. Kg2 Bxg3 22. fxg3 Rf8 23. Qe2 Rxf1 24. Rxf1 Qxf1+ 25. Qxf1 Rxf1 26. Kxf1 dxc4 27. bxc4 Nb6 28. c5 Nd5 29. a4 Kf7 30. Ke2 Ke6 31. Kd3 h5 32. gxh5 gxh5 33. g4 Nf4+ 34. Ke4 h4 35. Bc1 Nxh3 36. Be3 Kf6 37. Kf3 Ke6 38. Ke4 Kf6 39. Kf3 Kg6 40. Ke4 Kf6 41. Kf3 Ke7 42. Bd2 Kf6 43. Bxa5 Nf4 44. Bd2 h3 45. Bxf4 gxf4 46. a5 Ke6 47. g5 Kf5 48. d5 cxd5 49. c6 bxc6 50. a6 Kxg5 51. a7 h2 52. Kg2 1-0

[Event "45th FIDE Womens Olympiad 2024"]
[Site "Budapest"]
[Date "2024.09.13"]
[Round "3.85"]
[White "Movsesian, Julia"]
[Black "Antonova, Nadezhda"]
[Result "1-0"]
[ECO "B12"]
[WhiteElo "2198"]
[BlackElo "1967"]
[Annotator "RC"]
[PlyCount "73"]
[EventDate "2024.09.05"]
[EventType "team-tourn"]
[EventCountry "HUN"]
[SourceTitle "playchess.com"]
[Source "ChessBase"]
[SourceQuality "1"]
[WhiteTeam "Czech Republic"]
[BlackTeam "Tajikistan"]
[WhiteTeamCountry "CZE"]
[BlackTeamCountry "TJK"]
[TimeControl "40/5400+30:1800+30"]

1. e4 c6 2. d4 d5 3. e5 Bf5 4. g4 Be4 5. f3 Bg6 6. Ne2 e6 7. h4 h5 8. Ng3 Be7 9. g5 c5 10. c3 cxd4 11. cxd4 Nc6 12. Nc3 Qb6 13. Bb5 Bb4 14. Qa4 O-O-O 15. Bxc6 bxc6 16. a3 Bxc3+ 17. bxc3 Qb5 18. Qxa7 Qb7 19. Qc5 Qb5 20. Qxb5 cxb5 21. a4 bxa4 22. Rxa4 Ne7 23. Ba3 Nc6 24. Bd6 Kd7 25. Kd2 Ra8 26. Rha1 Rxa4 27. Rxa4 Rc8 28. Ne2 Bf5 29. Nf4 f6 30. gxf6 gxf6 31. Nxh5 fxe5 32. dxe5 Nd8 33. Ra6 Nb7 34. Nf6+ Kd8 35. Ra7 Rc7 36. Bxc7+ Kxc7 37. Ne8+ 1-0

[Event "45th FIDE Womens Olympiad 2024"]
[Site "Budapest"]
[Date "2024.09.13"]
[Round "3.86"]
[White "Saidova, Rukhshona"]
[Black "Kanakova, Natalie"]
[Result "0-1"]
[ECO "B45"]
[WhiteElo "1873"]
[BlackElo "2145"]
[Annotator "NA RC"]
[PlyCount "50"]
[EventDate "2024.09.05"]
[EventType "team-tourn"]
[EventCountry "HUN"]
[SourceTitle "playchess.com"]
[Source "ChessBase"]
[SourceQuality "1"]
[WhiteTeam "Tajikistan"]
[BlackTeam "Czech Republic"]
[WhiteTeamCountry "TJK"]
[BlackTeamCountry "CZE"]
[TimeControl "40/5400+30:1800+30"]

1. e4 c5 2. Nf3 e6 3. d4 cxd4 4. Nxd4 Nf6 5. Nc3 Nc6 6. Bf4 Bb4 7. Ndb5 e5 8. Bg5 O-O 9. Bc4 a6 10. Nd6 Nd4 11. Nxc8 Rxc8 12. Bd5 Rxc3 13. bxc3 Bxc3+ 14. Kf1 Bxa1 15. Qxa1 h6 16. Bh4 Qb6 17. Bxf6 Qxf6 18. c3 Ne6 19. Bxb7 Nc5 20. Bd5 Nd3 21. Ke2 Nf4+ 22. Kf1 Qg6 23. Rg1 Nxd5 24. exd5 Qd3+ 25. Ke1 Rb8 0-1

[Event "45th FIDE Womens Olympiad 2024"]
[Site "Budapest"]
[Date "2024.09.13"]
[Round "3.87"]
[White "Korenova, Martina"]
[Black "Tolibova, Dilola"]
[Result "1-0"]
[ECO "E04"]
[WhiteElo "2104"]
[BlackElo "1831"]
[Annotator "NA RC"]
[PlyCount "85"]
[EventDate "2024.09.05"]
[EventType "team-tourn"]
[EventCountry "HUN"]
[SourceTitle "playchess.com"]
[Source "ChessBase"]
[SourceQuality "1"]
[WhiteTeam "Czech Republic"]
[BlackTeam "Tajikistan"]
[WhiteTeamCountry "CZE"]
[BlackTeamCountry "TJK"]
[TimeControl "40/5400+30:1800+30"]

1. d4 d5 2. c4 e6 3. g3 Nf6 4. Bg2 c5 5. Nf3 Nc6 6. O-O dxc4 7. Qa4 Bd7 8. Qxc4 Qb6 9. dxc5 Bxc5 10. Nc3 Na5 11. Qf4 Bc6 12. Na4 Bxa4 13. Qxa4+ Nc6 14. Ne5 Rc8 15. Nd3 O-O 16. Nxc5 Qxc5 17. Be3 Qe5 18. b4 a6 19. Rac1 Ne4 20. b5 Nc3 21. Rxc3 Qxc3 22. bxc6 bxc6 23. Rc1 Qb2 24. Qc4 a5 25. Be4 Rfd8 26. Bd3 Rd7 27. Qe4 g6 28. Rxc6 Rxc6 29. Qxc6 Qb7 30. Qc5 a4 31. Qe5 Qb4 32. h4 a3 33. h5 Qb2 34. Qc5 Rd5 35. Qc8+ Kg7 36. h6+ Kf6 37. g4 Qxa2 38. Qc3+ Ke7 39. Bc5+ Rxc5 40. Qxc5+ Kd7 41. Bb5+ Kd8 42. Qd6+ Kc8 43. Ba6# 1-0

[Event "45th FIDE Womens Olympiad 2024"]
[Site "Budapest"]
[Date "2024.09.13"]
[Round "3.88"]
[White "Mashabova, Shukrona"]
[Black "Novosadova, Kristyna"]
[Result "0-1"]
[ECO "C55"]
[WhiteElo "1711"]
[BlackElo "2066"]
[Annotator "NA RC"]
[PlyCount "72"]
[EventDate "2024.09.05"]
[EventType "team-tourn"]
[EventCountry "HUN"]
[SourceTitle "playchess.com"]
[Source "ChessBase"]
[SourceQuality "1"]
[WhiteTeam "Tajikistan"]
[BlackTeam "Czech Republic"]
[WhiteTeamCountry "TJK"]
[BlackTeamCountry "CZE"]
[TimeControl "40/5400+30:1800+30"]

1. e4 e5 2. Nf3 Nc6 3. Nc3 Nf6 4. Bc4 Nxe4 5. Nxe4 d5 6. Bxd5 Qxd5 7. Nc3 Qd8 8. h3 Bc5 9. d3 O-O 10. O-O a6 11. Ne4 Be7 12. Re1 f5 13. Ned2 Bf6 14. Nb3 b6 15. Nh2 Bb7 16. Be3 a5 17. a4 Qd7 18. Nf3 h6 19. d4 e4 20. Nh2 Nb4 21. Nc1 g5 22. c3 Nd5 23. Qh5 Bg7 24. Bd2 Nf6 25. Qd1 f4 26. Ng4 Nxg4 27. Qxg4 Qd5 28. Re2 Qf7 29. Re1 Rae8 30. Qd1 e3 31. fxe3 fxe3 32. Rf1 Qxf1+ 33. Qxf1 Rxf1+ 34. Kxf1 exd2 35. Nb3 Ba6+ 36. Kg1 Re1+ 0-1

[Event "45th FIDE Womens Olympiad 2024"]
[Site "Budapest"]
[Date "2024.09.13"]
[Round "3.89"]
[White "Clarke, Adani"]
[Black "Zherebtsova, Alexandra"]
[Result "0-1"]
[ECO "D38"]
[WhiteElo "1919"]
[BlackElo "2239"]
[Annotator "RC"]
[PlyCount "78"]
[EventDate "2024.09.05"]
[EventType "team-tourn"]
[EventCountry "HUN"]
[SourceTitle "playchess.com"]
[Source "ChessBase"]
[SourceQuality "1"]
[WhiteTeam "Jamaica"]
[BlackTeam "Montenegro"]
[WhiteTeamCountry "JAM"]
[BlackTeamCountry "MNE"]
[TimeControl "40/5400+30:1800+30"]

1. d4 Nf6 2. c4 e6 3. Nc3 Bb4 4. Nf3 d5 5. Bg5 h6 6. Bh4 g5 7. Bg3 Ne4 8. Qb3 Nc6 9. e3 h5 10. h4 g4 11. Ne5 Nxg3 12. Nxc6 bxc6 13. fxg3 Rb8 14. a3 Bxc3+ 15. Qxc3 Qd6 16. O-O-O Qxg3 17. c5 Rh6 18. Qe1 Qxe1 19. Rxe1 Rf6 20. Bd3 Rf2 21. Re2 Rxe2 22. Bxe2 Rb3 23. Rf1 Ke7 24. Kc2 Rxe3 25. Bd3 Rxd3 26. Rxf7+ Kxf7 27. Kxd3 Kf6 28. Ke3 e5 29. g3 a5 30. b3 Ba6 31. b4 axb4 32. axb4 Bb5 33. dxe5+ Kxe5 34. Kd2 Kd4 35. Kc2 Ke3 36. Kd1 d4 37. Ke1 d3 38. Kd1 Ba4+ 39. Kc1 d2+ 0-1